Map: Orbital Shipyard

Players

zisar

  • Race: Protoss Protoss
  • League: Diamond

LipStick - Winner!

  • Race: Terran Terran
  • League: Diamond

VOD

Have the link to the VOD?

Description

Time

  • Played on: March 15, 2016, 3:37 p.m.
  • Length: 8:48
Show
View Real Time Build Order
Export as new Build Order

zisar Protoss 

Build Orders: Nexus First 

Get SALT Encoding   

  12  0:00  Probe (Chrono Boost)  
  13  0:11  Probe (Chrono Boost)  
  14  0:17  Pylon  
  14  0:22  Probe (Chrono Boost)  
  15  0:36  Probe (Chrono Boost)  
  16  0:46  Probe (Chrono Boost)  
  17  0:56  Nexus  
  17  1:07  Gateway  
  17  1:12  Probe (Chrono Boost)  
  17  1:16  Assimilator  
  18  1:22  Assimilator  
  18  1:23  Probe (Chrono Boost)  
  19  1:34  Probe (Chrono Boost)  
  19  1:36  Gateway  
  20  1:44  Probe (Chrono Boost)  
  20  1:46  Pylon  
  21  1:59  Cybernetics Core  
  21  2:02  Probe (Chrono Boost)  
  21  2:13  Probe x2 (Chrono Boost)  
  23  2:23  Probe (Chrono Boost)  
  23  2:28  Probe (Chrono Boost)  
  25  2:36  Mothership Core (Chrono Boost)  
  27  2:38  Warp Gate  
  27  2:42  Stalker (Chrono Boost)  
  24  2:44  Stalker (Chrono Boost)  
  28  3:00  Probe  
  28  3:02  Probe  
  28  3:16  Stargate, Probe (Chrono Boost)  
  29  3:20  Probe (Chrono Boost)  
  30  3:28  Probe (Chrono Boost)  
  30  3:29  Assimilator  
  30  3:31  Probe (Chrono Boost)  
  30  3:34  Sentry  
  36  3:36  Adept  
  36  3:39  Probe (Chrono Boost)  
  37  3:46  Probe (Chrono Boost)  
  38  3:49  Pylon  
  38  3:52  Probe (Chrono Boost)  
  39  4:00  Oracle (Chrono Boost)  
  42  4:04  Probe  
  42  4:06  Probe  
  46  4:17  Adept x2 (Chrono Boost)  
  46  4:18  Probe  
  46  4:21  Probe  
  50  4:35  Pylon  
  50  4:36  Phoenix  
  52  4:54  Nexus  
  49  5:09  Phoenix  
  51  5:15  Probe x2  
  51  5:19  Assimilator  
  53  5:22  Pylon  
  53  5:25  Pylon  
  53  5:26  Pylon  
  53  5:27  Probe  
  53  5:28  Probe  
  55  5:36  Phoenix (Chrono Boost)  
  55  5:38  Adept  
  55  5:41  Adept  
  62  5:42  Probe (Chrono Boost)  
  62  5:43  Probe (Chrono Boost)  
  63  5:52  Probe  
  63  5:54  Probe  
  65  5:57  Robotics Facility  
  65  6:03  Probe  
  65  6:07  Probe  
  65  6:08  Adept x2, Probe  
  72  6:18  Forge  
  72  6:21  Twilight Council  
  72  6:24  Probe x2  
  73  6:27  Probe  
  75  6:35  Probe  
  75  6:36  Probe  
  77  6:43  Probe  
  77  6:45  Probe  
  79  6:47  Observer (Chrono Boost)  
  79  6:51  Protoss Ground Armor Level 1 (Chrono Boost)  
  79  6:52  Robotics Bay, Probe  
  81  6:55  Adept, Pylon  
  81  6:56  Sentry, Probe  
  81  6:57  Probe  
  89  7:16  Immortal (Chrono Boost)  
  89  7:18  Zealot  
  89  7:22  Probe  
  95  7:23  Gateway, Probe x2  
  95  7:24  Gateway  
  98  7:32  Zealot  
  98  7:36  Assimilator  
  98  7:37  Assimilator  
  98  7:39  Gateway  
  96  7:45  Zealot, Templar Archives, Pylon  
  96  7:48  Phoenix (Chrono Boost)  
  100  7:53  Immortal (Chrono Boost)  
  104  8:02  Probe  
  104  8:03  Probe  
  106  8:13  Gateway  
  106  8:14  Gateway x2  
  99  8:25  Zealot  
  99  8:26  Zealot x3  
Show
View Real Time Build Order
Export as new Build Order

LipStick Terran - Winner!

Build Orders: Reaper Expand, MMM Bio 

Get SALT Encoding   

  12  0:00  SCV  
  13  0:13  SCV  
  14  0:17  Supply Depot  
  14  0:25  SCV  
  15  0:39  SCV  
  15  0:41  Barracks  
  16  0:47  Refinery  
  16  0:51  SCV  
  17  1:03  SCV  
  18  1:15  SCV  
  19  1:28  Orbital Command  
  19  1:29  Reaper  
  20  1:47  Command Center  
  20  1:53  SCV  
  21  2:02  Marine  
  21  2:06  Supply Depot  
  22  2:10  SCV  
  23  2:17  Factory  
  23  2:23  Refinery  
  23  2:24  Barracks Reactor  
  23  2:28  SCV  
  24  2:40  SCV  
  25  2:52  SCV  
  26  3:04  SCV  
  26  3:05  Orbital Command  
  27  3:06  Factory Tech Lab  
  27  3:07  Marine x2  
  29  3:16  SCV  
  30  3:20  Engineering Bay  
  30  3:24  Supply Depot, Cyclone  
  33  3:27  Marine x2  
  33  3:31  Starport  
  35  3:34  SCV  
  35  3:35  SCV  
  37  3:45  Marine x2  
  37  3:46  SCV  
  40  3:49  SCV  
  41  3:59  SCV  
  41  4:01  SCV  
  43  4:05  Marine  
  43  4:06  Marine  
  43  4:08  Fusion Core  
  45  4:10  Liberator  
  45  4:11  SCV  
  45  4:16  SCV  
  47  4:22  Supply Depot  
  47  4:23  Missile Turret, Marine x2  
  47  4:24  SCV  
  50  4:28  SCV  
  54  4:31  Refinery  
  54  4:39  Factory Tech Lab  
  54  4:40  Barracks  
  54  4:43  SCV x2  
  56  4:53  Marine x2  
  56  4:55  SCV x2  
  60  5:00  Missile Turret  
  58  5:07  SCV x2  
  58  5:11  Advanced Ballistics  
  60  5:18  Refinery  
  60  5:19  Supply Depot, SCV x2  
  62  5:23  Liberator  
  62  5:25  Barracks, Command Center  
  62  5:29  Factory Tech Lab  
  62  5:37  Supply Depot  
  62  5:40  SCV x2  
  62  5:41  Supply Depot  
  62  5:42  Marine x2  
  67  5:47  Stimpack  
  69  5:52  SCV  
  69  5:56  Terran Infantry Weapons Level 1  
  70  5:59  SCV, Marine  
  70  6:00  Supply Depot, Marine  
  70  6:01  Supply Depot  
  73  6:04  SCV  
  73  6:06  Supply Depot  
  73  6:07  Marine  
  73  6:08  Factory Reactor  
  75  6:11  SCV  
  75  6:16  Marine  
  75  6:17  SCV  
  78  6:19  Barracks, Marine  
  78  6:20  Barracks  
  78  6:24  SCV  
  80  6:28  Marine  
  80  6:29  Combat Shields, Marauder  
  83  6:37  SCV  
  83  6:39  Marauder  
  87  6:40  SCV, Orbital Command  
  86  6:51  Marauder  
  86  6:52  Medivac x2  
  86  6:53  SCV x2  
  94  6:58  Supply Depot  
  94  6:59  Supply Depot, Marine x2  
  96  7:04  Marauder  
  98  7:12  Orbital Command  
  98  7:13  Marauder  
  100  7:21  SCV x2  
  102  7:26  Engineering Bay  
  102  7:27  Armory  
  102  7:28  Supply Depot  
  102  7:31  Marine  
  102  7:32  Marine, Marauder  
  102  7:33  SCV, Marauder  
  109  7:41  Marine x2  
  109  7:42  Medivac  
  109  7:43  SCV  
  114  7:46  SCV  
  115  7:53  Marauder  
  117  8:04  Marine x2, Marauder  
  122  8:06  Barracks Reactor  
  112  8:27  Marine x2  
Tags
 
Add a new tag
Caveats
  • Supply blocks, unpowered buildings, or Contaminate may cause inaccurate times.
  • Supply counts are checked every 10 seconds.